 Dungeon Crawl Stone Soup version 0.23.1 (webtiles) character file.

Game seed: 7525971682868016088

127 Gargoyl the Skirmisher (level 4, 0/40 HPs)
             Began as a Centaur Abyssal Knight on Mar 17, 2019.
             Was a Believer of Lugonu.
             Succumbed to an adder's poison
             ... on level 2 of the Dungeon.
             The game lasted 00:03:08 (1643 turns).

Gargoyl the Skirmisher (Centaur Abyssal Knight)     Turns: 1643, Time: 00:03:09

Health: 0/40       AC:  7    Str: 15    XL:     4   Next: 85%
Magic:  6/6        EV:  5    Int: 11    God:    Lugonu [**....]
Gold:   96         SH:  6    Dex:  9    Spells: 3/3 levels left

rFire    . . .     SeeInvis .   a - +1 hand axe
rCold    . . .     Gourm    .   b - +0 shield
rNeg     . . .     Faith    .   d - +0 ring mail
rPois    .         Spirit   .   (no helmet)
rElec    .         Reflect  .   (no cloak)
rCorr    .         Harm     .   e - +0 pair of gloves
MR       .....                  (no barding)
Stlth    ..........             (no amulet)
HPRegen  0.13/turn              (no ring)
MPRegen  0.10/turn              (no ring)

@: lethally poisoned (0 -> -1), very quick
A: large, hooves 3, deformed body, speed 2, tough skin 3
a: Depart the Abyss, Bend Space, Renounce Religion


You were on level 2 of the Dungeon.
You worshipped Lugonu.
Lugonu was pleased with you.
You were hungry.

You visited 1 branch of the dungeon, and saw 2 of its levels.
You visited the Abyss 1 time.

You collected 96 gold pieces.

Inventory:

Hand Weapons
 a - a +1 hand axe (weapon)
Armour
 b - a +0 shield (worn)
 d - a +0 ring mail (worn)
 e - a +0 pair of gloves (worn)
Scrolls
 f - a scroll of teleportation
 h - 2 scrolls of identify
 j - a scroll of fear {unknown}
 k - a scroll of enchant weapon {unknown}
Comestibles
 c - 5 rations


   Skills:
 + Level 3.7 Fighting
 + Level 2.5 Axes
 * Level 2.2 Armour
 * Level 1.4 Dodging
 * Level 2.8 Invocations


You had 3 spell levels left.
You didn't know any spells.
Your spell library was empty.

Dungeon Overview and Level Annotations

Branches:
Dungeon (2/15)

Altars:
Kikubaaqudgha
Qazlal


Innate Abilities, Weirdness & Mutations

You have hooves in place of feet.
Armour fits poorly on your strangely shaped body.
You cover ground very quickly.
You have extremely tough skin. (AC +3)


Message History

Items here: ! ) [ †† a +0 dagger; a +2 robe of cold resistance; a potion of lignification the human corpse of Jessica; a rat corpse You see here a giant cockroach corpse.
* * * LOW HITPOINT WARNING * * *
You feel sick.
* * * LOW HITPOINT WARNING * * *
You feel sick.
Unknown command.
* * * LOW HITPOINT WARNING * * *
You feel sick.
* * * LOW HITPOINT WARNING * * *
You feel sick.
You are starting to lose your buoyancy.
* * * LOW HITPOINT WARNING * * *
You feel sick.
* * * LOW HITPOINT WARNING * * *
You feel sick.
You float gracefully downwards.
You die...

#.....#######..........
#......................
#........####....###...
#..............†.)...##
#.....###........##.(.#
#.....#...###.......#.#
#.......#...#..........
#.....................[
####...@................
#..................#####
#..................#####
#.....................>.
#............#...#####..
#.........######.# #..
####.###########.#####..
... ........##.....
..### ...........##..


There were no monsters in sight!

Vanquished Creatures
  Jessica (D:2)
  3 adders (D:2)
  An ooze (D:1)
  A worm (D:2)
  2 dart slugs (D:1)
  A leopard gecko (D:1)
  A ball python (D:1)
  2 giant cockroaches
  4 hobgoblins
  8 jackals (D:1)
  8 kobolds
  2 quokkas (D:2)
  8 bats
  5 frilled lizards
  8 goblins
  5 rats
60 creatures vanquished.

Notes
Turn   | Place    | Note
-------+----------+-------------------------------------------
     0 | Abyss:1  | Gargoyl the Centaur Abyssal Knight began the quest for the
                  | Orb.
     0 | Abyss:1  | Reached XP level 1. HP: 19/19 MP: 2/2
    59 | Abyss:1  | Found a corrupted altar of Lugonu.
    97 | Abyss:1  | Noticed a thrashing horror
   173 | Abyss:2  | Noticed a lich
   181 | Abyss:2  | Noticed a worldbinder
   181 | Abyss:2  | Noticed a wretched star
   183 | D:1      | Escaped the Abyss
   314 | D:1      | Reached XP level 2. HP: 26/26 MP: 3/3
   444 | D:1      | Reached skill level 1 in Dodging
   466 | D:1      | Reached * piety under Lugonu
   474 | D:1      | Reached XP level 3. HP: 22/31 MP: 4/4
  1206 | D:2      | Found a stormy altar of Qazlal.
  1244 | D:2      | Reached ** piety under Lugonu
  1274 | D:2      | Reached XP level 4. HP: 15/39 MP: 4/6
  1316 | D:2      | Found an ancient bone altar of Kikubaaqudgha.
  1576 | D:2      | Noticed Jessica
  1611 | D:2      | Killed Jessica
  1622 | D:2      | HP: 2/40 [poisoned by an adder]
  1632 | D:2      | HP: 1/40 [poisoned by an adder]
  1638 | D:2      | HP: 1/40 [poisoned by an adder]
  1643 | D:2      | Succumbed to an adder's poison

Skill      XL: |  1  2  3  4 |
---------------+-------------+-----
Dodging        | 1 |  1.4
Axes           | 2 |  2.5
Armour         | 2 |  2.2
Fighting       | |  3.7
Invocations    | |  2.8

Action                   |  1- 3 |  4- 6 || total
-------------------------+-------+-------++-------
Melee: Hand axe          |   120 |    43 ||   163
       Kick              |    22 |     6 ||    28
Invok: Depart the Abyss  |     1 |       ||     1
  Use: Potion            |     5 |     2 ||     7
       Scroll            |     2 |       ||     2
  Eat: Chunk             |       |     1 ||     1
Armor: Ring mail         |    62 |    25 ||    87
Dodge: Dodged            |    51 |    11 ||    62
Block: Shield            |       |    21 ||    21
